| TOP OF THE 1ST |
|
Dunedin Rangers batting - Pitching for Port Arthur Pirates : RHP Robert Ruffus
|
|
Pitching: RHP Robert Ruffus
|
|
|
Batting: RHB Jacob Brumfield
|
0-0: Ground out 6-3 (Groundball, 6, EV 100.0 MPH)
|
|
Batting: LHB Mike L Hart
|
0-0: Ball 1-0: Ball 2-0: Called Strike 2-1: Ball 3-1: Ground out 6-3 (Groundball, 4MS, EV 84.4 MPH)
|
|
Batting: LHB La Schelle Tarver
|
0-0: Ball 1-0: Called Strike 1-1: Reached on error, E3 (Groundball, 34, EV 103.1 MPH)
|
|
Batting: RHB Glenn Wilson
|
0-0: Called Strike La Schelle Tarver steals 2nd base (no throw) 0-1: Swinging Strike 0-2: Ball 1-2: Ball 2-2: Ground out 6-3 (Groundball, 6, EV 106.3 MPH)
|
| Top of the 1st over - 0 runs, 0 hits, 1 error, 1 left on base; Dunedin 0 - Port Arthur 0 |
| BOTTOM OF THE 1ST |
|
Port Arthur Pirates batting - Pitching for Dunedin Rangers : RHP Walt Terrell
|
|
Pitching: RHP Walt Terrell
|
|
|
Batting: LHB Pat Hodge
|
0-0: Ball 1-0: Ball 2-0: Called Strike 2-1: Ball 3-1: Ground out 4-3 (Groundball, 4, EV 78.8 MPH)
|
|
Batting: RHB Russ Morman
|
0-0: Ball 1-0: Foul Ball, location: 2F 1-1: Fly out, F7 (Flyball, 7S, EV 83.8 MPH)
|
|
Batting: LHB Ron Salcedo
|
0-0: Fly out, F5 (Line Drive, 5, EV 61.3 MPH)
|
| Bottom of the 1st over - 0 runs, 0 hits, 0 errors, 0 left on base; Dunedin 0 - Port Arthur 0 |
| TOP OF THE 2ND |
|
Dunedin Rangers batting - Pitching for Port Arthur Pirates : RHP Robert Ruffus
|
|
Batting: LHB Ty Van Burkleo
|
0-0: Ball 1-0: Foul Ball, location: 2F 1-1: Ball 2-1: Ground out 6-3 (Groundball, 6M, EV 90.6 MPH)
|
|
Batting: RHB John Gibbons
|
0-0: Ball 1-0: Swinging Strike 1-1: Ball 2-1: Fly out, F8 (Flyball, 89M, EV 82.5 MPH)
|
|
Batting: RHB Edgar Martinez
|
0-0: Foul Ball, location: 2F 0-1: Ball 1-1: Ball 2-1: Swinging Strike 2-2: Strikes out swinging
|
| Top of the 2nd over - 0 runs, 0 hits, 0 errors, 0 left on base; Dunedin 0 - Port Arthur 0 |
| BOTTOM OF THE 2ND |
|
Port Arthur Pirates batting - Pitching for Dunedin Rangers : RHP Walt Terrell
|
|
Batting: RHB Steve Stanicek
|
0-0: Ground out 6-3 (Groundball, 6D, EV 104.4 MPH)
|
|
Batting: LHB Dave Camara
|
0-0: Ball 1-0: Ball 2-0: Ball 3-0: Called Strike 3-1: Called Strike 3-2: Base on Balls
|
|
Batting: RHB Billy Ripken
|
0-0: Called Strike 0-1: Ball 1-1: Ball 2-1: Swinging Strike 2-2: Strikes out swinging
|
|
Batting: LHB Dan Aruca
|
0-0: Ball 1-0: Swinging Strike 1-1: Foul Ball, location: 2F 1-2: Foul Ball, location: 2F 1-2: Fielders Choice at 2nd, 6-4 (Groundball, 6, EV 87.5 MPH)
|
| Bottom of the 2nd over - 0 runs, 0 hits, 0 errors, 1 left on base; Dunedin 0 - Port Arthur 0 |
| TOP OF THE 3RD |
|
Dunedin Rangers batting - Pitching for Port Arthur Pirates : RHP Robert Ruffus
|
|
Batting: RHB Mike Taylor
|
0-0: Foul Ball, location: 2F 0-1: Ball 1-1: Called Strike 1-2: Ball 2-2: Strikes out looking
|
|
Batting: RHB Ron Gant
|
0-0: Ball 1-0: Called Strike 1-1: Swinging Strike 1-2: Foul Ball, location: 2F 1-2: Foul Ball, location: 2F 1-2: Foul Ball, location: 2F 1-2: Ball 2-2: Foul Ball, location: 2F 2-2: Ball 3-2: Strikes out swinging
|
|
Batting: RHB Jacob Brumfield
|
0-0: Ball 1-0: Ground out 6-3 (Groundball, 6, EV 98.8 MPH)
|
| Top of the 3rd over - 0 runs, 0 hits, 0 errors, 0 left on base; Dunedin 0 - Port Arthur 0 |
| BOTTOM OF THE 3RD |
|
Port Arthur Pirates batting - Pitching for Dunedin Rangers : RHP Walt Terrell
|
|
Batting: RHB Luis Hidalgo
|
0-0: Ball 1-0: Called Strike 1-1: Ground out 5-3 (Groundball, 56S, EV 67.5 MPH)
|
|
Batting: RHB Otto Gonzalez
|
0-0: Ball 1-0: Called Strike 1-1: Ball 2-1: Called Strike 2-2: Fly out, F6 (Popup, 6, EV 61.9 MPH)
|
|
Batting: LHB Pat Hodge
|
0-0: Ball 1-0: Ball 2-0: Called Strike 2-1: Reached on error, E6 (Groundball, 6, EV 101.3 MPH)
|
|
Batting: RHB Russ Morman
|
0-0: Ball 1-0: Foul Ball, location: 2F 1-1: SINGLE (Line Drive, 78S, EV 94.4 MPH) Pat Hodge to second
|
|
Batting: LHB Ron Salcedo
|
0-0: Ball 1-0: Called Strike 1-1: Ground out 5-3 (Groundball, 56S, EV 93.8 MPH)
|
| Bottom of the 3rd over - 0 runs, 1 hit, 1 error, 2 left on base; Dunedin 0 - Port Arthur 0 |
| TOP OF THE 4TH |
|
Dunedin Rangers batting - Pitching for Port Arthur Pirates : RHP Robert Ruffus
|
|
Batting: LHB Mike L Hart
|
0-0: Ball 1-0: Called Strike 1-1: Fly out, F8 (Flyball, 78D, EV 103.8 MPH)
|
|
Batting: LHB La Schelle Tarver
|
0-0: Called Strike 0-1: Ball 1-1: Called Strike 1-2: Ball 2-2: Ball 3-2: Ground out 6-3 (Groundball, 6, EV 81.9 MPH)
|
|
Batting: RHB Glenn Wilson
|
0-0: Called Strike 0-1: Ball 1-1: Fly out, F5 (Line Drive, 5, EV 70.6 MPH)
|
| Top of the 4th over - 0 runs, 0 hits, 0 errors, 0 left on base; Dunedin 0 - Port Arthur 0 |
| BOTTOM OF THE 4TH |
|
Port Arthur Pirates batting - Pitching for Dunedin Rangers : RHP Walt Terrell
|
|
Batting: RHB Steve Stanicek
|
0-0: Ball 1-0: Called Strike 1-1: Called Strike 1-2: Strikes out swinging
|
|
Batting: LHB Dave Camara
|
0-0: Ball 1-0: Foul Ball, location: 2F 1-1: Foul Ball, location: 2F 1-2: Fly out, F8 (Flyball, 8RD, EV 83.1 MPH)
|
|
Batting: RHB Billy Ripken
|
0-0: Ball 1-0: Called Strike 1-1: Fly out, F8 (Flyball, 8RM, EV 88.1 MPH)
|
| Bottom of the 4th over - 0 runs, 0 hits, 0 errors, 0 left on base; Dunedin 0 - Port Arthur 0 |
| TOP OF THE 5TH |
|
Dunedin Rangers batting - Pitching for Port Arthur Pirates : RHP Robert Ruffus
|
|
Batting: LHB Ty Van Burkleo
|
0-0: DOUBLE (Flyball, 89D, EV 103.8 MPH)
|
|
Batting: RHB John Gibbons
|
0-0: Ball 1-0: Ball 2-0: Foul Ball, location: 2F 2-1: Called Strike 2-2: Strikes out swinging
|
|
Batting: RHB Edgar Martinez
|
0-0: Swinging Strike 0-1: Ball 1-1: Ball 2-1: Called Strike 2-2: Ball 3-2: Base on Balls
|
|
Batting: RHB Mike Taylor
|
0-0: Ball 1-0: Ball 2-0: Ball 3-0: Called Strike 3-1: Grounds into double play, 4-6-3 (Groundball, 4, EV 78.1 MPH)
|
| Top of the 5th over - 0 runs, 1 hit, 0 errors, 1 left on base; Dunedin 0 - Port Arthur 0 |
| BOTTOM OF THE 5TH |
|
Port Arthur Pirates batting - Pitching for Dunedin Rangers : RHP Walt Terrell
|
|
Batting: LHB Dan Aruca
|
0-0: Ball 1-0: Fly out, F7 (Line Drive, 7, EV 109.4 MPH)
|
|
Batting: RHB Luis Hidalgo
|
0-0: SINGLE (Line Drive, 8LS, EV 91.3 MPH)
|
|
Batting: RHB Otto Gonzalez
|
0-0: Called Strike 0-1: Ball 1-1: Foul Ball, location: 2F 1-2: Foul Ball, location: 2F 1-2: Strikes out looking
|
|
Batting: LHB Pat Hodge
|
0-0: Called Strike 0-1: Foul Ball, location: 2F 0-2: Foul Ball, location: 2F 0-2: Ball Luis Hidalgo is caught stealing 2nd base 2-6
|
| Bottom of the 5th over - 0 runs, 1 hit, 0 errors, 0 left on base; Dunedin 0 - Port Arthur 0 |
| TOP OF THE 6TH |
|
Dunedin Rangers batting - Pitching for Port Arthur Pirates : RHP Robert Ruffus
|
|
Batting: RHB Ron Gant
|
0-0: Foul Ball, location: 2F 0-1: Ball 1-1: Ball 2-1: Ball 3-1: Base on Balls
|
|
Batting: RHB Jacob Brumfield
|
0-0: Ball 1-0: Called Strike 1-1: Swinging Strike 1-2: Foul Ball, location: 2F 1-2: Ball 2-2: Grounds into double play, 4-6-3 (Groundball, 34, EV 103.1 MPH)
|
|
Batting: LHB Mike L Hart
|
0-0: Ball 1-0: Swinging Strike 1-1: Ground out 6-3 (Groundball, 6, EV 77.5 MPH)
|
| Top of the 6th over - 0 runs, 0 hits, 0 errors, 0 left on base; Dunedin 0 - Port Arthur 0 |
| BOTTOM OF THE 6TH |
|
Port Arthur Pirates batting - Pitching for Dunedin Rangers : RHP Walt Terrell
|
|
Batting: LHB Pat Hodge
|
0-0: Swinging Strike 0-1: Called Strike 0-2: Strikes out swinging
|
|
Batting: RHB Russ Morman
|
0-0: Ball 1-0: Foul Ball, location: 2F 1-1: Reached via error on a dropped throw from 1B, E1 (Groundball, 34, EV 104.4 MPH)
|
|
Batting: LHB Ron Salcedo
|
0-0: Foul Ball, location: 2F 0-1: Ball 1-1: Ball 2-1: Ball 3-1: Base on Balls Russ Morman to second
|
|
Batting: RHB Steve Stanicek
|
0-0: Called Strike 0-1: Ball 1-1: SINGLE (Line Drive, 3D, EV 105.0 MPH) Russ Morman to third Ron Salcedo to second Runner from 3rd tries for Home, SAFE, throw by RF to home
|
|
Batting: LHB Dave Camara
|
0-0: Called Strike 0-1: Foul Ball, location: 2F 0-2: Reached on error, E3 (Groundball, 3, EV 85.6 MPH) Ron Salcedo to third Steve Stanicek to second
|
|
Batting: RHB Billy Ripken
|
0-0: SINGLE (Groundball, 56, EV 97.5 MPH) Ron Salcedo scores Steve Stanicek to third Dave Camara to second Runner from 3rd tries for Home, SAFE, throw by LF to home
|
|
Batting: LHB Dan Aruca
|
0-0: Ball 1-0: Ball 2-0: Ball 3-0: 3-RUN HOME RUN (Flyball, 9LD, EV 92.5 MPH), Distance : 345 ft
|
|
Batting: RHB Luis Hidalgo
|
0-0: Called Strike 0-1: Ball 1-1: Fly out, F6 (Popup, 6MD, EV 43.1 MPH)
|
|
Batting: RHB Otto Gonzalez
|
0-0: Ball 1-0: Ball 2-0: Ball 3-0: Base on Balls
|
|
Batting: LHB Pat Hodge
|
0-0: Ball 1-0: Foul Ball, location: 2F 1-1: Called Strike 1-2: Ball 2-2: Strikes out swinging
|
| Bottom of the 6th over - 6 runs, 3 hits, 2 errors, 1 left on base; Dunedin 0 - Port Arthur 6 |
| TOP OF THE 7TH |
|
Dunedin Rangers batting - Pitching for Port Arthur Pirates : RHP Robert Ruffus
|
|
Batting: LHB La Schelle Tarver
|
0-0: Called Strike 0-1: Ball 1-1: Ball 2-1: SINGLE (Line Drive, 56, EV 97.5 MPH)
|
|
Batting: RHB Glenn Wilson
|
0-0: Called Strike 0-1: Ball Wild Pitch! La Schelle Tarver to second 1-1: SINGLE (Line Drive, 8RS, EV 88.8 MPH) La Schelle Tarver to third Runner from 3rd tries for Home, SAFE, throw by CF to home
|
|
Batting: LHB Ty Van Burkleo
|
0-0: Ball 1-0: Ball 2-0: SINGLE (Line Drive, 56, EV 95.6 MPH) Glenn Wilson to second
|
|
Batting: RHB John Gibbons
|
0-0: Ball 1-0: Ball 2-0: Ball 3-0: Base on Balls Glenn Wilson to third Ty Van Burkleo to second
|
|
Batting: RHB Edgar Martinez
|
0-0: Grounds into double play, 5-4-3 (Groundball, 5S, EV 81.9 MPH) Glenn Wilson scores Ty Van Burkleo to third
|
|
Batting: RHB Mike Taylor
|
0-0: Ball 1-0: Called Strike 1-1: Ball 2-1: Called Strike 2-2: Ball 3-2: Base on Balls
|
|
Batting: RHB Ron Gant
|
0-0: Ball 1-0: Foul Ball, location: 2F 1-1: Ball 2-1: Swinging Strike 2-2: Foul Ball, location: 2F 2-2: Foul Ball, location: 2F 2-2: Ball 3-2: Base on Balls Mike Taylor to second
|
|
Batting: RHB Jacob Brumfield
|
0-0: Called Strike 0-1: Ball 1-1: Foul Ball, location: 2F 1-2: Foul Ball, location: 2F 1-2: Ball 2-2: Foul Ball, location: 2F 2-2: SINGLE (Groundball, 6MS, EV 64.4 MPH) (infield hit) Ty Van Burkleo scores Mike Taylor to third Ron Gant to second
|
|
Batting: LHB Mike L Hart
|
0-0: Ball 1-0: Ball 2-0: Ground out 1-3 (Groundball, 13S, EV 68.8 MPH)
|
| Top of the 7th over - 3 runs, 4 hits, 0 errors, 3 left on base; Dunedin 3 - Port Arthur 6 |
| BOTTOM OF THE 7TH |
|
Port Arthur Pirates batting - Pitching for Dunedin Rangers : RHP Walt Terrell
|
|
Pitching: LHP Eduardo Montoya
|
|
|
Batting: RHB Russ Morman
|
0-0: Called Strike 0-1: Called Strike 0-2: Ball 1-2: Foul Ball, location: 2F 1-2: Fly out, F8 (Flyball, 8LM, EV 75.0 MPH)
|
|
Batting: LHB Ron Salcedo
|
0-0: Foul Ball, location: 2F 0-1: Ground out 4-3 (Groundball, 4D, EV 101.9 MPH)
|
|
Batting: RHB Steve Stanicek
|
0-0: Ball 1-0: Foul Ball, location: 2F 1-1: Swinging Strike 1-2: Strikes out swinging
|
| Bottom of the 7th over - 0 runs, 0 hits, 0 errors, 0 left on base; Dunedin 3 - Port Arthur 6 |
| TOP OF THE 8TH |
|
Dunedin Rangers batting - Pitching for Port Arthur Pirates : RHP Robert Ruffus
|
|
Batting: LHB La Schelle Tarver
|
0-0: Called Strike 0-1: Ball 1-1: SINGLE (Flyball, 6MD, EV 95.6 MPH)
|
|
Pitching: RHP Steven Gessell
|
|
|
Batting: RHB Glenn Wilson
|
0-0: SINGLE (Groundball, 4MD, EV 97.5 MPH) La Schelle Tarver to second Runner from 2nd tries for 3rd, SAFE, throw by CF made to third
|
|
Batting: LHB Ty Van Burkleo
|
0-0: Swinging Strike Passed Ball! La Schelle Tarver scores Glenn Wilson to second 0-1: Swinging Strike 0-2: Ball 1-2: Ball 2-2: Fly out, F7 (Line Drive, 7D, EV 91.9 MPH)
|
|
Batting: RHB John Gibbons
|
0-0: DOUBLE (Flyball, 89XD, EV 107.5 MPH) Glenn Wilson scores
|
|
Pinch Hitting: LHB David Thielker
|
0-0: Ball 1-0: Called Strike 1-1: Foul Ball, location: 2F 1-2: Ball 2-2: Ball 3-2: Foul Ball, location: 2F 3-2: Foul Ball, location: 2F 3-2: Base on Balls
|
|
Batting: RHB Mike Taylor
|
0-0: Foul Ball, location: 2F 0-1: Ball 1-1: Ball 2-1: Fielders Choice at 2nd, 3-6 (Groundball, 34, EV 85.6 MPH) John Gibbons to third
|
|
Pinch Hitting: SHB Bryan Little
|
0-0: Called Strike 0-1: Ball 1-1: Foul Ball, location: 2F 1-2: Fly out, F7 (Flyball, 7LM, EV 76.9 MPH)
|
| Top of the 8th over - 2 runs, 3 hits, 0 errors, 2 left on base; Dunedin 5 - Port Arthur 6 |
| BOTTOM OF THE 8TH |
|
Port Arthur Pirates batting - Pitching for Dunedin Rangers : LHP Eduardo Montoya
|
|
Now at 2B: Craig Goodin
|
|
|
Now at SS: Bryan Little
|
|
|
Batting: LHB Dave Camara
|
0-0: Called Strike 0-1: Ball 1-1: Ball 2-1: Ground out 4-3 (Groundball, 34, EV 100.0 MPH)
|
|
Batting: RHB Billy Ripken
|
0-0: Ball 1-0: Ball 2-0: Called Strike 2-1: Fly out, F8 (Flyball, 8RD, EV 100.0 MPH)
|
|
Batting: LHB Dan Aruca
|
0-0: Ball 1-0: SINGLE (Line Drive, 78S, EV 113.1 MPH)
|
|
Batting: RHB Luis Hidalgo
|
0-0: Ball 1-0: Ball 2-0: Called Strike 2-1: Called Strike 2-2: Strikes out swinging
|
| Bottom of the 8th over - 0 runs, 1 hit, 0 errors, 1 left on base; Dunedin 5 - Port Arthur 6 |
| TOP OF THE 9TH |
|
Dunedin Rangers batting - Pitching for Port Arthur Pirates : RHP Steven Gessell
|
|
Pitching: LHP Victor Guichardo
|
|
|
Now at SS: Luis Suarez
|
|
|
Now in LF: William Marrero
|
|
|
Now in CF: Yamil Rios
|
|
|
Batting: RHB Jacob Brumfield
|
0-0: Ball 1-0: DOUBLE (Flyball, 9D, EV 93.1 MPH)
|
|
Batting: LHB Mike L Hart
|
0-0: Called Strike 0-1: Bunt missed! 0-2: Ground out 5-3 (Groundball, 5, EV 86.9 MPH)
|
|
Batting: LHB La Schelle Tarver
|
0-0: Called Strike 0-1: DOUBLE (Line Drive, 78D, EV 98.1 MPH) Jacob Brumfield scores
|
|
Batting: RHB Glenn Wilson
|
0-0: Intentional Walk
|
|
Pinch Hitting: SHB Todd Benzinger
|
0-0: Grounds into double play, 4-6-3 (Groundball, 4, EV 86.9 MPH)
|
| Top of the 9th over - 1 run, 2 hits, 0 errors, 1 left on base; Dunedin 6 - Port Arthur 6 |
| BOTTOM OF THE 9TH |
|
Port Arthur Pirates batting - Pitching for Dunedin Rangers : LHP Eduardo Montoya
|
|
Pitching: RHP Juan Gonzalez
|
|
|
Now at 1B: Todd Benzinger
|
|
|
Pinch Hitting: LHB Steven Chumas
|
0-0: Called Strike 0-1: TRIPLE (Flyball, 89XD, EV 95.6 MPH)
|
|
Pinch Hitting: LHB Bert Flores
|
0-0: Ball 1-0: Ball 2-0: Ball 3-0: Base on Balls
|
|
Batting: RHB Russ Morman
|
0-0: Called Strike 0-1: Ball 1-1: SINGLE (Groundball, 34D, EV 103.1 MPH) Steven Chumas scores
|
| Bottom of the 9th over - 1 run, 2 hits, 0 errors, 0 left on base; Dunedin 6 - Port Arthur 7 |
|